 Dungeon Crawl Stone Soup version 0.29.1-14-g9c671dbff4 (webtiles) character file.

Game seed: 8624141009037901379

6392 H0rd4k the Martial Artist (level 10, -1/71 HPs)
             Began as an Octopode Artificer on Feb 15, 2023.
             Was an Initiate of Gozag.
             Killed from afar by Erica (25 damage)
             ... with a bolt of poison
             ... on level 8 of the Dungeon.
             The game lasted 00:21:04 (16379 turns).

H0rd4k the Martial Artist (Octopode Artificer)     Turns: 16379, Time: 00:21:05

Health: -1/71      AC:  5    Str: 12    XL:     10   Next: 97%
Magic:  18/22      EV: 14    Int: 22    God:    Gozag
Gold:   132        SH:  0    Dex: 18    Spells: 14/25 levels left

rFire   + . .      SeeInvis .   f - staff of fire
rCold   . . .      Faith    .   (no shield)
rNeg    + . .      Spirit   .   (helmet restricted)
rPois   .          Reflect  .   (no amulet)
rElec   .          Harm     .   j - +4 ring of protection
rCorr   .          Rampage  .   d - ring of ice
Will    .....                   c - ring of Symmetry {Fire rN+ Int+4}
Stlth   +++.......              G - +6 ring of dexterity
HPRegen 0.21/turn               (no ring)
MPRegen 0.18/turn               (no ring)
                                (no ring)
                                (no ring)

@: lethally poisoned (-1 -> -11), about to teleport, slowed, very slow
A: almost no armour, amphibious, 8 rings, camouflage 1, gelatinous body 1,
(nimble swimmer 1), tentacles
a: Renounce Religion, Potion Petition, Call Merchant, Bribe Branch


You were on level 8 of the Dungeon.
You worshipped Gozag.
Gozag was aware of your devotion.
You visited 2 branches of the dungeon, and saw 11 of its levels.

You collected 1319 gold pieces.
You spent 624 gold pieces at shops.
You paid 563 gold pieces to Gozag.

Inventory:

Hand Weapons
 v - a +0 shortbow
Missiles
 h - a throwing net
 H - 2 poisoned darts
Magical Staves
 f - a staff of fire (weapon)
Jewellery
 c - the ring of Symmetry (on tentacle) {Fire rN+ Int+4}
   (You bought it in a shop on level 9 of the Dungeon)

   [ring of fire]

   It enhances your fire magic.
   Int:       It affects your intelligence (+4).
   rF:        It protects you from fire.
   rC:        It makes you vulnerable to cold.
   rN:        It protects you from negative energy.
 d - a ring of ice (right tentacle)
 j - a +4 ring of protection (left tentacle)
 G - a +6 ring of dexterity (on tentacle)
Wands
 A - a wand of polymorph (6)
 B - a wand of flame (6)
Scrolls
 a - 2 scrolls of vulnerability {unknown}
 e - 2 scrolls of brand weapon
 g - 4 scrolls of enchant weapon
 i - a scroll of amnesia
 w - a scroll of enchant armour
 y - a scroll of blinking
 z - a scroll of teleportation
Potions
 b - a potion of curing
 l - a potion of degeneration {unknown}
 m - 2 potions of attraction
 n - a potion of resistance {unknown}
 p - a potion of brilliance {unknown}
 q - 2 potions of cancellation
 r - a potion of flight
 u - a potion of heal wounds {unknown}
 C - a potion of lignification
 D - a potion of magic {unknown}
 F - a potion of might {unknown}


   Skills:
 + Level 7.2 Fighting
 - Level 2.3 Dodging
 - Level 1.3 Stealth
 - Level 10.1 Unarmed Combat
 * Level 8.3 Spellcasting
 + Level 0.1 Conjurations
 * Level 0.7 Fire Magic
 - Level 2.1 Air Magic
 + Level 5.1 Poison Magic
 - Level 3.2 Evocations


You had 14 spell levels left.
You knew the following spells:

 Your Spells              Type           Power      Damage    Failure   Level
a - Poisonous Vapours     Pois/Air       50%        N/A       2%          2
b - Swiftness             Air            18%        N/A       9%          3
c - Conjure Flame         Conj/Fire      24%        6-21      19%         3
d - Ignite Poison         Fire/Tmut/Pois 39%        N/A       10%         3

Your spell library contained the following spells:

 Spells                   Type           Power      Damage    Failure   Level
 Ensorcelled Hibernation  Hex/Ice        26%        N/A       11%         2
 Passwall                 Tmut/Erth      7%         N/A       11%         2
 Sticky Flame             Conj/Fire      24%        2d5       52%         4
 Corpse Rot               Necr/Pois/Air  Unusable   N/A       N/A         4

Dungeon Overview and Level Annotations

Branches:
Dungeon (10/15)            Temple (1/1) D:5
   Lair: D:8-11         Orc: D:9-12

Altars:
Ashenzari
Cheibriados
Dithmenos
Elyvilon
Fedhas
Gozag
Hepliaklqana
Kikubaaqudgha
Makhleb
Nemelex Xobeh
Okawaru
Qazlal
Ru
Sif Muna
Trog
Uskayaw
Vehumet
Wu Jian
Xom
Yredelemnul
Zin
The Shining One

Shops:
D:9 =

Annotations:
D:3 exclusion: downstairs
D:5 exclusion: downstairs
D:6 exclusion: downstairs
D:7 exclusion: troll, Joseph
D:8 1 runed translucent door, exclusions: door, 2 downstairs and gargoyle, Erica; H0rd4k's ghost, novice OpAr
D:9 exclusions: downstairs and vampire
D:10 exclusion: death yak


Innate Abilities, Weirdness & Mutations

You cannot wear most types of armour.
You are amphibious.
You can wear up to eight rings at the same time.
Your skin changes colour to match your surroundings (Stealth+).
Your rubbery body absorbs attacks. (AC +1, EV +1)
((You are camouflaged when in or above water. (Stealth+)))
You have tentacles for arms and can constrict up to eight enemies at once.


Message History

Erica screams, "Do you want it fast or slow?!"
Erica gestures wildly while chanting.
Erica flickers and vanishes!
Deactivating autopickup; reactivate with Ctrl-A.
You can't see any susceptible monsters within range! (Use Z to cast anyway.)
You feel yourself slow down.
You hear a zap.
A bolt of light appears from out of thin air!
The bolt of light hits you!!
You are confused.
Something tries to affect you, but you resist.
You feel a bit more experienced.
Your Poison Magic skill increases to level 5!
You bump into the rock wall.
You feel less confused.
You are confused.
You hear a zap.
A bolt of light appears from out of thin air!
The bolt of light misses you.
You hear some strange, mumbled words.
A bolt of poison appears from out of thin air!
The bolt of poison hits you!!
You are poisoned.
* * * LOW HITPOINT WARNING * * *
You feel better.
As you read the scroll of teleportation, it crumbles to dust.
You feel strangely unstable.
You hear a zap.
A bolt of light appears from out of thin air!
The bolt of light hits you!
* * * LOW HITPOINT WARNING * * *
You hear some strange, mumbled words.
Something tries to affect you, but you resist.
You feel better.
You hear some strange, mumbled words.
A bolt of poison appears from out of thin air!
The bolt of poison hits you!!
You are poisoned.
You die...
Your body crumbles into a pile of gold.

....######..........##.....##>...
.......F.............#####.##....
....§.................# #.......
.....................#####..#....
...#######..........###..........
...# #....................#.#
.#.# #...###{##.##...#...###.
...# ####...###.##.##...#..## ##
.#.# #.......##@##..........###.
##.## ##⌠...⌠#########...####.#.#
....#♣.###+###.♣#..............##
##..#♣.......♣i♣########.........
#..##♣♣♣..♣...♣♣#..# #####.....
.##.## ♣..!.P.♣ ##.# #.....
#.##.#♣..♣...♣♣###.#########.....
##.#.#♣♣.?[♣.♣ #..........##.....
#...##♣♣♣♣♣♣♣ ###...####.#######


There were no monsters in sight!

Vanquished Creatures
  A two-headed ogre (D:9)
  Pikel (D:4)
  2 trolls
  Prince Ribbit (D:8)
  6 yaks (D:9)
  3 ice beasts
  4 orc warriors
  5 sky beasts
  2 ogres
  4 centaurs
  A phantom (D:5)
  A kobold brigand (D:7)
  3 necrophages
  2 bullfrogs (D:6)
  A gnoll sergeant (D:7)
  A wight (D:8)
  7 killer bees
  2 howler monkeys (D:9)
  2 electric eels (D:7)
  A hound (D:5)
  2 gnoll boudas (D:7)
  8 orc priests
  3 iguanas
  13 orc wizards
  7 adders
  11 gnolls (D:7)
  2 white imps
  2 worms (D:2)
  2 dart slugs
  43 orcs
  9 ball pythons
  4 endoplasms
  3 giant cockroaches
  4 goblins
  4 hobgoblins
  3 jackals (D:1)
  5 quokkas
  6 bats
  4 frilled lizards
  14 kobolds
  4 rats
203 creatures vanquished.

Vanquished Creatures (collateral kills)
  3 wights (D:8)
  A killer bee (D:8)
  4 orcs
8 creatures vanquished.

Vanquished Creatures (others)
  An orc warrior (D:8)
  A killer bee (D:8)
  An orc wizard (D:6)
  18 plants
21 creatures vanquished.

Grand Total: 232 creatures vanquished

Notes
Turn   | Place    | Note
-------+----------+-------------------------------------------
     0 | D:1      | H0rd4k the Octopode Artificer began the quest for the Orb.
     0 | D:1      | Reached XP level 1. HP: 13/13 MP: 1/1
   378 | D:1      | Reached skill level 1 in Spellcasting
   378 | D:1      | Reached XP level 2. HP: 11/18 MP: 3/3
  1287 | D:1      | Reached XP level 3. HP: 22/24 MP: 5/5
  1426 | D:1      | Found a faded altar of an unknown god.
  1719 | D:2      | Reached skill level 1 in Unarmed Combat
  2541 | D:3      | Found a white marble altar of Elyvilon.
  2591 | D:3      | Reached XP level 4. HP: 12/29 MP: 6/6
  2953 | D:3      | Reached skill level 2 in Unarmed Combat
  3875 | D:4      | Noticed a sky beast
  3918 | D:4      | Noticed Pikel
  3918 | D:4      | Noticed a lemure
  3918 | D:4      | Noticed a lemure
  3918 | D:4      | Noticed a lemure
  3918 | D:4      | Noticed a lemure
  4476 | D:4      | Killed Pikel
  4477 | D:4      | Reached skill level 5 in Unarmed Combat
  4477 | D:4      | Reached XP level 5. HP: 21/37 MP: 7/9
  4477 | D:4      | Reached XP level 6. HP: 24/43 MP: 7/10
  4477 | D:4      | Reached XP level 7. HP: 27/48 MP: 7/11
  5741 | D:5      | Entered Level 5 of the Dungeon
  5789 | D:5      | Found a staircase to the Ecumenical Temple.
  5799 | Temple   | Entered the Ecumenical Temple
  5928 | Temple   | Became a worshipper of Gozag Ym Sagoz the Greedy
  5983 | D:5      | Reached skill level 6 in Unarmed Combat
  5983 | D:5      | Reached XP level 8. HP: 44/54 MP: 13/13
  5993 | D:5      | HP: 1/54 [something (4)]
  6635 | D:5      | Reached skill level 5 in Fighting
  6741 | D:5      | Found an iron altar of Okawaru.
  7013 | D:6      | Reached skill level 7 in Unarmed Combat
  7836 | D:6      | Reached skill level 8 in Unarmed Combat
  7836 | D:6      | Reached XP level 9. HP: 51/61 MP: 15/15
  8596 | D:7      | Noticed Joseph
  8739 | D:7      | Reached skill level 9 in Unarmed Combat
  8959 | D:7      | Reached skill level 5 in Spellcasting
  9889 | D:7      | Reached skill level 10 in Unarmed Combat
 10104 | D:7      | Noticed a troll
 10536 | D:8      | Reached XP level 10. HP: 38/69 MP: 18/18
 11108 | D:8      | Found a runed translucent door.
 11356 | D:8      | Noticed H0rd4k's ghost (novice OpAr)
 11357 | D:8      | Identified the +8 spear of the Ancient Realms {flame,
                  | Int+2}
 11364 | D:8      | Noticed Prince Ribbit
 11369 | D:8      | Learned a level 2 spell: Poisonous Vapours
 11501 | D:8      | Noticed a gargoyle
 12216 | D:9      | Reached skill level 1 in Poison Magic
 13012 | D:9      | Found a hide-covered altar of Uskayaw.
 13012 | D:9      | Found a stormy altar of Qazlal.
 13012 | D:9      | Found a radiant altar of Vehumet.
 13061 | D:9      | Reached skill level 1 in Air Magic
 13280 | D:9      | Noticed a two-headed ogre
 13298 | D:9      | Killed a two-headed ogre
 13574 | D:9      | Learned a level 3 spell: Swiftness
 14292 | D:10     | Entered Level 10 of the Dungeon
 14292 | D:10     | Noticed a skeletal warrior
 14292 | D:10     | Noticed a skeletal warrior
 14292 | D:10     | Noticed a skeletal warrior
 14292 | D:10     | Noticed a skeletal warrior
 14292 | D:10     | Noticed a skeletal warrior
 14431 | D:9      | Bought the ring of Symmetry {Fire rN+ Int+4} for 624 gold
                  | pieces
 14437 | D:9      | Learned a level 3 spell: Conjure Flame
 14922 | D:7      | Learned a level 3 spell: Ignite Poison
 15102 | D:7      | Identified the +6 lajatang of Moral Flaws {antimagic, rElec
                  | Str+6}
 15143 | D:7      | You fall into a shaft and drop 1 floor!
 15288 | D:10     | Found a shimmering altar of Xom.
 15298 | D:10     | Noticed a death yak
 15803 | D:10     | Found an ancient bone altar of Kikubaaqudgha.
 15913 | D:10     | Noticed a gargoyle
 16363 | D:8      | Noticed Erica
 16372 | D:8      | Killed Prince Ribbit
 16373 | D:8      | Reached skill level 5 in Poison Magic
 16379 | D:8      | Killed from afar by Erica

Illustrated notes

Levels and vault maps discovered:
D:1:      dpeg_arrival_three_smaller_balls, layout_basic,
          dreamdust_ecumenical_altar_sealed_demon
D:2:      layout_loops_ring, kennysheep_cluttered_room, minmay_pentomino_q2
D:3:      layout_loops_cross, elyvilon_altar_1
D:4:      layout_loops_corners, uniq_pikel
D:5:      layout_rooms, okawaru_ov_weapons_minmay,
          minmay_temple_entry_stoned_glass
D:6:      layout_cave_pods, kennysheep_generic_room_3
D:7:      layout_rooms, minmay_misc_feat_diagonals, chequers_big_river,
          uniq_joseph
D:8:      layout_loops_cross, ebering_ghost_funeral_grove, uniq_prince_ribbit1,
          uniq_erica
D:9:      layout_basic, gammafunk_temple_overflow_forgotten
D:10:     layout_small_grid, nicolae_overflow_hidden_temple, dpeg_lair_monsters,
          erik_orc_4
Temple:   nicolae_temple_bog_church

Skill      XL: |  1  2  3  4  5  6  7  8  9 10 |
---------------+-------------------------------+-----
Spellcasting   | 1 3 4 5 8 |  8.3
Fighting       | 2 4 5 6 7 |  7.2
Unarmed Combat | 1 5 6 8 10 | 10.1
Poison Magic   | 5 |  5.1
Air Magic      | 2 |  2.1
Dodging        | |  2.3
Stealth        | |  1.3
Conjurations   | |  0.1
Fire Magic     | |  0.7
Evocations     | |  3.2

Action                   |  1- 3 |  4- 6 |  7- 9 | 10-12 || total
-------------------------+-------+-------+-------+-------++-------
Melee: Unarmed           |   116 |    44 |   318 |   115 ||   593
       Constrict         |    37 |    11 |    59 |    16 ||   123
       Tentacles         |    23 |    13 |    81 |    26 ||   143
       Club              |     1 |       |       |       ||     1
       Punch             |     1 |     2 |    21 |     7 ||    31
       Staff             |       |       |       |    11 ||    11
 Cast: Poisonous Vapours |       |       |       |   106 ||   106
       Conjure Flame     |       |       |       |     3 ||     3
       Ignite Poison     |       |       |       |     1 ||     1
Invok: Call Merchant     |       |       |       |     1 ||     1
Evoke: Wand              |       |    12 |    24 |    19 ||    55
  Use: Potion            |       |       |     3 |     3 ||     6
       Scroll            |       |       |     4 |    11 ||    15
 Stab: Sleeping          |    11 |     3 |     9 |     1 ||    24
       Paralysed         |       |       |    11 |     2 ||    13
       Distracted        |       |       |     4 |       ||     4
Armor: Skin              |     9 |     2 |    51 |    19 ||    81
Dodge: Dodged            |    65 |    20 |   141 |    96 ||   322
